[Event "European Women Rapid-ch 2023"]
[Site "Monaco"]
[Date "2024.01.14"]
[Round "9.22"]
[White "Rodriguez Redondo, Adhara"]
[Black "Haussernot, Cecile"]
[Result "1-0"]
[ECO "B92"]
[WhiteElo "2130"]
[BlackElo "2136"]
[Annotator "TA"]
[PlyCount "117"]
[EventDate "2023.12.19"]
[EventType "swiss"]
[EventCountry "MNC"]
[SourceTitle "playchess.com"]
[Source "ChessBase"]
[SourceQuality "1"]
[TimeControl "900+10"]

1. e4 {[%emt 0:00:01] Postny,Evgeny} c5 2. Nf3 d6 3. d4 cxd4 4. Nxd4 Nf6 5. Nc3 a6 6. Be2 e5 7. Nf3 Be7 8. Bg5 O-O 9. O-O Be6 10. Bxf6 Bxf6 11. Nd5 {[%emt 0:00:01] 11.Qd2 is the fancy move. B92: Sicilian Najdorf: 6 Be2.} Nd7 12. Re1 Rc8 13. c3 Be7 14. Ne3 $146 ({Predecessor:} 14. Bf1 Nf6 15. Qb3 Nxd5 16. exd5 Bg4 17. Nd2 Rb8 18. a4 Qa5 19. Qc4 Bh5 20. b4 {0-1 Tari,A (2578)-Ding,L (2772) EU-Cup 33rd Antalya 2017 (3.1)}) 14... b5 15. Qc2 Qb6 16. b3 g6 17. Rad1 Qb7 18. Nd2 a5 19. Ndf1 b4 20. c4 Nb8 21. Qd3 Nc6 22. Nc2 f5 23. Nfe3 fxe4 24. Qxe4 Rf4 25. Qd3 Rcf8 26. Rf1 e4 27. Qd2 Qa7 28. Qe1 (28. h3 {simplifies} h5 29. Nd4 Qxd4 30. Qxd4 Nxd4 31. Rxd4 Bg5 32. Nd5) 28... Qc5 29. Nd5 R4f7 $1 30. Nce3 (30. Nxe7+ $14 Rxe7 31. Qd2) 30... Ne5 (30... Bh4 $11 {remains equal.} 31. Bg4 Bxg4 (31... Bxf2+ 32. Rxf2 Rxf2 33. Bxe6+ Kh8 34. Qxf2 $16) 32. Nxg4 Kg7) 31. Qd2 $2 (31. Nxe7+ $16 Rxe7 32. Qd2) 31... Bh4 $1 $15 32. g3 Bg5 33. Qd4 Qxd4 34. Rxd4 Bh3 35. Rd2 $2 (35. Re1 $1 $15) 35... Bxf1 36. Kxf1 (36. f4 $142 exf3 37. Bxf1) 36... h5 (36... Rxf2+ $142 37. Kg1 R2f3 38. Bxf3 Nxf3+ (38... Bxe3+ $2 39. Kh1 $19) 39. Kg2 Nxd2) 37. Bd1 $19 Nd3 $2 (37... h4 $19 {Hoping for ...Kh8.} 38. Kg1 Kg7) 38. f4 $17 h4 39. Kg2 Bd8 40. Bg4 Kg7 41. Be2 Nc5 42. Bg4 Re8 43. Be2 g5 $2 (43... hxg3 $17 44. hxg3 Rh8) 44. Bg4 $2 (44. Bh5 $11) 44... Ref8 45. f5 Nd3 ({Black should play} 45... hxg3 $17 46. hxg3 Rh8) 46. Be2 $1 $15 {[%emt 0:00:12] [#]} Ne5 (46... Nc1 $1 $17) 47. Rd4 $11 a4 48. Rxe4 axb3 49. axb3 Ra7 50. gxh4 Ra2 51. Kf1 $1 gxh4 52. Nxb4 Rb2 53. Nbd5 Rxb3 54. c5 Rb1+ 55. Kf2 Nf7 $2 (55... Rh1 $11 {and Black is okay.} 56. Kg2 Rb1 (56... Re1 57. Bg4 $11)) 56. c6 $18 Ba5 $2 (56... Rc1 57. c7 $18) (56... Bg5 57. c7 Bxe3+ 58. Kxe3 (58. Rxe3 Rb2 $18) 58... Ne5 59. Rxh4 Rc1) 57. Rg4+ (57. Rxh4 $2 {too greedy.} Be1+ 58. Kg2 Bxh4 $19) (57. f6+ $142 Kg6 58. Rg4+ (58. Rxh4 Be1+ 59. Kg2 Bxh4 $16) 58... Ng5 59. Bd3+ (59. Rxh4 Be1+ 60. Kg2 Rb2 $11) 59... Kf7 60. Bxb1) 57... Kh6 58. Rxh4+ Kg5 59. Rh5# 1-0

[Event "European Women Rapid-ch 2023"]
[Site "Monaco"]
[Date "2024.01.14"]
[Round "9.23"]
[White "Khurtsilava, Inga"]
[Black "Zvereva, Marija"]
[Result "1-0"]
[ECO "A22"]
[WhiteElo "2186"]
[BlackElo "2049"]
[Annotator "TA"]
[PlyCount "109"]
[EventDate "2023.12.19"]
[EventType "swiss"]
[EventCountry "MNC"]
[SourceTitle "playchess.com"]
[Source "ChessBase"]
[SourceQuality "1"]
[TimeControl "900+10"]

1. Nf3 Nf6 2. g3 d6 3. Bg2 e5 4. d3 Be7 5. c4 O-O 6. Nc3 c6 7. O-O Nbd7 8. b4 Qc7 9. b5 d5 10. Bb2 Re8 {[%emt 0:02:16] Black is slightly better.} 11. Rc1 (11. cxd5 $11 cxd5 12. Rc1) 11... Qa5 (11... d4 $15 12. Na4 Qa5) 12. Nd2 d4 13. Nb3 Qc7 14. Nb1 (14. bxc6 $1 $11 bxc6 15. Nb5) 14... Nc5 15. Nxc5 Bxc5 16. Nd2 Bf8 (16... Bd7 $15 {might be stronger.}) 17. Qa4 c5 18. e4 {[%emt 0:00:53] [#]} (18. Qc2 $11) 18... dxe3 (18... a6 $1 $17 {...Bd7 would now be deadly.} 19. b6 Qxb6) 19. fxe3 $11 Bg4 20. Ne4 Nxe4 21. Bxe4 Bh3 22. Rf2 g6 23. Bd5 Be6 (23... Re7 $11) 24. Rcf1 $16 {[%emt 0:00:35] White is much more active.} Bh6 {[%emt 0:00:55] [#] ...Bxd5 is the strong threat.} 25. Bc1 (25. Rxf7 {seems wilder.} Bxf7 26. Bxf7+ Qxf7 27. Rxf7 Kxf7 28. Qd1) 25... f5 26. Qc2 (26. e4 $14 Bxc1 27. Rxc1) 26... Bxd5 $11 27. cxd5 e4 28. Qc4 (28. g4 $1 $11) 28... Qd6 (28... exd3 {is more complex.} 29. d6+ Qf7 30. Qxd3 c4) 29. Rc2 (29. g4 $1 $11 {keeps the balance.}) 29... b6 ({Better is} 29... exd3 $17 30. Qxd3 b6) 30. d4 cxd4 31. Qxd4 Bg7 {[%emt 0:00:05] Against Bb2} 32. Qd2 Rad8 33. Rd1 Re5 34. Bb2 Rxd5 {[%emt 0:00:07] Loses the game.} (34... Ree8 $1 $11 {and Black stays safe.}) 35. Qxd5+ $18 Qxd5 36. Rxd5 Rxd5 $11 {[%emt 0:00:04][%mdl 4096] Endgame. KRB-KRB} 37. Rc8+ Kf7 $2 (37... Bf8 38. Ba3 Rxb5 (38... Rd1+ $2 39. Kg2 $18) 39. Rxf8+ (39. Bxf8 Rb1+ 40. Kg2 Rb2+ 41. Kh3 Rxa2 $16) 39... Kg7) 38. Rc7+ $18 Ke6 39. Bxg7 {[%emt 0:00:03] KRB-KR} ({Weaker is} 39. Rxg7 Rd1+ (39... Rxb5 $2 {loses.} 40. Bd4 $18) 40. Kg2 Rd2+ 41. Kh3 Rxb2 $17) 39... Rd1+ 40. Kf2 Rd2+ 41. Ke1 Rxa2 42. h4 Ra5 $2 (42... Kd6 43. Rb7 Kc5 44. Bd4+ Kxb5 45. Rxh7 Rg2) 43. Bd4 {[%emt 0:00:14] White is clearly winning.} h5 44. Kd2 Rxb5 45. Rxa7 Kd5 46. Rb7 Ra5 47. Rxb6 Ra2+ 48. Ke1 Rg2 49. Rxg6 Kc4 50. Rc6+ Kd5 51. Rc5+ Ke6 52. Be5 {[%emt 0:00:07] And now Bf4 would win.} Rh2 53. Bf4 Rh1+ 54. Kd2 Rh2+ 55. Kc3 {[%emt 0:00:00] Weighted Error Value: White=0.26 (precise) /Black=0.44.  Mistake:       	White=6     	Black=8      Inaccurate:     	White=3     	Black=4      OK:         	White=8     	Black=11     Best:        	White=5     	Black=2} 1-0

[Event "European Women Rapid-ch 2023"]
[Site "Monaco"]
[Date "2024.01.14"]
[Round "9.24"]
[White "Radeva, Viktoria"]
[Black "Guillo Longares, Cecilia"]
[Result "1-0"]
[ECO "B38"]
[WhiteElo "2325"]
[BlackElo "2096"]
[Annotator "ChessBase"]
[PlyCount "79"]
[EventDate "2023.12.19"]
[EventType "swiss"]
[EventCountry "MNC"]
[SourceTitle "playchess.com"]
[Source "ChessBase"]
[SourceQuality "1"]
[TimeControl "900+10"]

1. e4 c5 2. Nf3 Nc6 3. d4 cxd4 4. Nxd4 g6 5. c4 Bg7 6. Be3 Qb6 7. Nb3 Qd8 8. Nc3 Bxc3+ 9. bxc3 Nf6 10. Bd3 d6 11. c5 d5 12. exd5 Nxd5 13. Bd2 e5 14. O-O O-O 15. Qf3 Nf4 16. Bc2 Qg5 17. g3 Nh3+ 18. Kh1 Bg4 19. Qg2 Qf6 20. f3 Be6 21. Be3 Rad8 22. Nd2 Na5 23. Ne4 Qe7 24. Bh6 Nc4 25. Bb3 Na5 26. Bxe6 Qxe6 27. Bxf8 Rxf8 28. Rad1 Nc4 29. Rfe1 h6 30. Nd6 Nxd6 31. cxd6 Rd8 32. Rd2 Qf5 33. c4 b6 34. Red1 Ng5 35. Rd3 Ne6 36. Rd5 Qf6 37. d7 Nd4 38. f4 Nc6 39. Rd6 Qe7 40. Qxc6 1-0

[Event "European Women Rapid-ch 2023"]
[Site "Monaco"]
[Date "2024.01.14"]
[Round "9.25"]
[White "Schulze, Lara"]
[Black "Cornileau, Juliette"]
[Result "1-0"]
[ECO "B51"]
[WhiteElo "2285"]
[BlackElo "2007"]
[Annotator "ChessBase"]
[PlyCount "28"]
[EventDate "2023.12.19"]
[EventType "swiss"]
[EventCountry "MNC"]
[SourceTitle "playchess.com"]
[Source "ChessBase"]
[SourceQuality "1"]
[TimeControl "900+10"]

1. e4 c5 2. Nf3 d6 3. Bb5+ Nd7 4. c4 Ngf6 5. Nc3 a6 6. Ba4 e5 7. d3 Be7 8. a3 O-O 9. b4 cxb4 10. axb4 Nb6 11. Bb3 d5 12. c5 dxe4 13. dxe4 Qd5 14. Qd2 Qxd2+ 1-0

[Event "European Women Rapid-ch 2023"]
[Site "Monaco"]
[Date "2024.01.14"]
[Round "9.26"]
[White "Gaprindashvili, Nona"]
[Black "Froewis, Annika"]
[Result "1-0"]
[ECO "D27"]
[WhiteElo "2243"]
[BlackElo "2133"]
[Annotator "TA"]
[PlyCount "49"]
[EventDate "2023.12.19"]
[EventType "swiss"]
[EventCountry "MNC"]
[SourceTitle "playchess.com"]
[Source "ChessBase"]
[SourceQuality "1"]
[TimeControl "900+10"]

1. d4 d5 2. c4 e6 3. Nf3 Nf6 4. Nc3 dxc4 5. e3 a6 6. Bxc4 b5 7. Bb3 Bb7 8. O-O c5 9. Qe2 Qc7 10. dxc5 Bxc5 11. Bd2 O-O {[%emt 0:00:22] Black is slightly better.} (11... Nbd7 {seems wilder.} 12. Nd4 Rc8 13. a3 O-O) 12. Rac1 Qb6 (12... Nbd7 {is more complex.} 13. Nd4 Rfd8 14. Rfd1 Rac8) 13. e4 Nc6 14. e5 Nd7 15. Bf4 Nd4 16. Nxd4 Bxd4 17. Bc2 (17. Rfd1 $5) 17... Rfd8 18. Bb1 Rac8 19. Rcd1 b4 20. Ne4 Bxe5 ({Black should try} 20... Nxe5 $17 21. Bxe5 Bxe5) 21. Bxe5 $11 Nxe5 22. Ng5 $1 Ng6 23. Qh5 f5 $2 {[%emt 0:00:03][%mdl 8192] [#]} ({But not} 23... h6 24. Nxf7 Kxf7 25. Qxg6+ Kf8 26. Rde1 $14) (23... Rxd1 $11 24. Rxd1 (24. Qxh7+ Kf8 $11) 24... h6 25. Nxf7 Kxf7) 24. Qxh7+ (24. Nxh7 $2 {loses.} Nf4 25. Rxd8+ Rxd8 $19) 24... Kf8 25. Qxg6 {[%emt 0:00:05] Weighted Error Value: White=0.10 (very precise) /Black=0.44.  Loses game:     	---       	Black=1      Mistake:       	---       	Black=1      Inaccurate:     	White=3     	Black=3      OK:         	White=7     	Black=5      Best:        	White=1     	---        Strong:       	White=1     	---} 1-0

[Event "European Women Rapid-ch 2023"]
[Site "Monaco"]
[Date "2024.01.14"]
[Round "9.27"]
[White "Uta, Adeline-Ramona"]
[Black "Reizniece-Ozola, Dana"]
[Result "0-1"]
[ECO "B06"]
[WhiteElo "2036"]
[BlackElo "2278"]
[Annotator "ChessBase"]
[PlyCount "58"]
[EventDate "2023.12.19"]
[EventType "swiss"]
[EventCountry "MNC"]
[SourceTitle "playchess.com"]
[Source "ChessBase"]
[SourceQuality "1"]
[TimeControl "900+10"]

1. e4 d6 2. d4 g6 3. Nc3 Bg7 4. f4 a6 5. Nf3 b5 6. a3 Nd7 7. Bd3 c5 8. d5 c4 9. Be2 Qb6 10. Qd2 Ngf6 11. Qe3 Nc5 12. h3 Bb7 13. O-O O-O 14. Qf2 Qc7 15. Qe3 e6 16. dxe6 Nfxe4 17. exf7+ Rxf7 18. Nxe4 Nxe4 19. Kh2 Re7 20. Re1 Rae8 21. Qg1 Nc3 22. Bxc4+ Qxc4 23. Rxe7 Rxe7 24. bxc3 Bxf3 25. gxf3 Re2+ 26. Kg3 Bxc3 27. Rb1 Be1+ 28. Kg4 Qe6+ 29. Kg5 Qf5+ 0-1

[Event "European Women Rapid-ch 2023"]
[Site "Monaco"]
[Date "2024.01.14"]
[Round "10.1"]
[White "Wagner, Dinara"]
[Black "Kosteniuk, Alexandra"]
[Result "1/2-1/2"]
[ECO "E11"]
[WhiteElo "2459"]
[BlackElo "2501"]
[Annotator "RC"]
[PlyCount "37"]
[EventDate "2023.12.19"]
[EventType "swiss"]
[EventCountry "MNC"]
[SourceTitle "playchess.com"]
[Source "ChessBase"]
[SourceQuality "1"]
[TimeControl "900+10"]

1. d4 Nf6 2. c4 e6 3. Nf3 Bb4+ 4. Bd2 Qe7 5. g3 Nc6 6. a3 Bxd2+ 7. Qxd2 d5 8. Bg2 O-O 9. Qc3 dxc4 10. Nbd2 Rd8 11. Nxc4 e5 12. dxe5 Nd5 13. Qc2 Nb6 14. Rc1 Bg4 15. O-O Bxf3 16. Bxf3 Nd4 17. Qc3 Nxc4 18. Qxc4 Qxe5 19. Qxc7 1/2-1/2

[Event "European Women Rapid-ch 2023"]
[Site "Monaco"]
[Date "2024.01.14"]
[Round "10.2"]
[White "Schippke, Manon"]
[Black "Paehtz, Elisabeth"]
[Result "0-1"]
[ECO "B90"]
[WhiteElo "2162"]
[BlackElo "2461"]
[Annotator "RC"]
[PlyCount "82"]
[EventDate "2023.12.19"]
[EventType "swiss"]
[EventCountry "MNC"]
[SourceTitle "playchess.com"]
[Source "ChessBase"]
[SourceQuality "1"]
[TimeControl "900+10"]

1. e4 c5 2. Nf3 d6 3. d4 cxd4 4. Nxd4 Nf6 5. Nc3 a6 6. Rg1 e5 7. Nb3 h5 8. Bg5 Be6 9. Qd2 Nbd7 10. O-O-O b5 11. f4 Be7 12. Bd3 b4 13. Na4 exf4 14. Bxf4 a5 15. Nd4 Qc7 16. Nxe6 fxe6 17. e5 Nxe5 18. Bxe5 dxe5 19. Bg6+ Kf8 20. Qe2 Rc8 21. Rgf1 Rh6 22. Bd3 Kg8 23. b3 Kh8 24. Ba6 Rb8 25. Bc4 e4 26. Kb1 Qe5 27. Rfe1 Ng4 28. h3 Nf6 29. g4 Rg6 30. gxh5 Rg3 31. h4 e3 32. Rd3 Ng4 33. c3 Bf6 34. Rd4 Nh6 35. Qd3 bxc3 36. Re4 c2+ 37. Kxc2 Rg2+ 38. Kc1 Qh2 39. Re2 Qh1+ 40. Kc2 Rxe2+ 41. Qxe2 Qxe4+ 0-1

[Event "European Women Rapid-ch 2023"]
[Site "Monaco"]
[Date "2024.01.14"]
[Round "10.3"]
[White "Stefanova, Antoaneta"]
[Black "Osmak, Yuliia"]
[Result "1-0"]
[ECO "E14"]
[WhiteElo "2431"]
[BlackElo "2450"]
[Annotator "RC"]
[PlyCount "68"]
[EventDate "2023.12.19"]
[EventType "swiss"]
[EventCountry "MNC"]
[SourceTitle "playchess.com"]
[Source "ChessBase"]
[SourceQuality "1"]
[TimeControl "900+10"]

1. d4 Nf6 2. Nf3 e6 3. e3 d5 4. Bd3 Be7 5. O-O O-O 6. b3 b6 7. Bb2 Bb7 8. Nbd2 c5 9. dxc5 bxc5 10. c4 Nc6 11. cxd5 exd5 12. Re1 Nb4 13. Bb1 a5 14. a3 Nc6 15. Qc2 g6 16. Ba2 Qb6 17. Rac1 Rac8 18. Ba1 Rfd8 19. Qb2 a4 20. bxa4 Qxb2 21. Bxb2 Ra8 22. Bxf6 Bxf6 23. Rxc5 d4 24. Rb1 dxe3 25. fxe3 Be7 26. Rc2 Ra7 27. Rxb7 Rxb7 28. Rxc6 Rb2 29. Bc4 Rdxd2 30. Nxd2 Rxd2 31. Rc7 Bg5 32. Rxf7 Bxe3+ 33. Kf1 Rc2 34. Bd5 Kh8 1-0

[Event "European Women Rapid-ch 2023"]
[Site "Monaco"]
[Date "2024.01.14"]
[Round "10.4"]
[White "Ushenina, Anna"]
[Black "Agrest, Inna"]
[Result "1-0"]
[ECO "D00"]
[WhiteElo "2415"]
[BlackElo "2287"]
[Annotator "RC"]
[PlyCount "59"]
[EventDate "2023.12.19"]
[EventType "swiss"]
[EventCountry "MNC"]
[SourceTitle "playchess.com"]
[Source "ChessBase"]
[SourceQuality "1"]
[TimeControl "900+10"]

1. d4 Nf6 2. Nf3 g6 3. Nc3 d5 4. Bf4 Bg7 5. Nb5 Na6 6. e3 O-O 7. h3 Ne4 8. Nd2 c5 9. Nxe4 dxe4 10. c3 Bd7 11. a4 cxd4 12. exd4 Bc6 13. Bc4 Bd5 14. Qb3 Bxc4 15. Qxc4 Rc8 16. Qe2 e5 17. dxe5 Nc5 18. O-O Qd3 19. Rfe1 Qxe2 20. Rxe2 Nd3 21. Bg3 Nxe5 22. Bxe5 Bxe5 23. Rxe4 Bf6 24. Nxa7 Rcd8 25. Re2 Rd5 26. Nb5 Rfd8 27. Rae1 Kg7 28. Nc7 Rd2 29. Rxd2 Rxd2 30. Ne8+ 1-0

[Event "European Women Rapid-ch 2023"]
[Site "Monaco"]
[Date "2024.01.14"]
[Round "10.5"]
[White "Bensdorp-De Labaca, Marlies"]
[Black "Kulon, Klaudia"]
[Result "0-1"]
[ECO "E70"]
[WhiteElo "2237"]
[BlackElo "2323"]
[Annotator "ChessBase"]
[PlyCount "90"]
[EventDate "2023.12.19"]
[EventType "swiss"]
[EventCountry "MNC"]
[SourceTitle "playchess.com"]
[Source "ChessBase"]
[SourceQuality "1"]
[TimeControl "900+10"]

1. d4 Nf6 2. c4 g6 3. Nc3 Bg7 4. e4 d6 5. Bd3 O-O 6. Nge2 e5 7. d5 a5 8. O-O Na6 9. b3 c6 10. h3 Nc5 11. Bc2 cxd5 12. cxd5 b5 13. a3 Bd7 14. Be3 b4 15. axb4 axb4 16. Na2 Qb6 17. f3 Ra3 18. Qd2 Rfa8 19. Nec1 R8a6 20. Rf2 Nh5 21. Bd3 Ra8 22. Rb1 Rb8 23. Ne2 Nf4 24. Nac1 Bh6 25. Kh2 Nfxd3 26. Bxh6 Nxf2 27. Be3 Nfxe4 28. fxe4 Nxe4 29. Qd3 Nc5 30. Qc4 Qd8 31. Ng3 Ra5 32. Rb2 f5 33. Bd2 Rab5 34. Ra2 R5b7 35. Nce2 f4 36. Ne4 Bb5 37. Qc2 Bxe2 38. Nxc5 dxc5 39. Qxc5 Qh4 40. d6 Qg3+ 41. Kg1 f3 42. Qf2 Qxf2+ 43. Kxf2 fxg2 44. Kxg2 Rd7 45. Bg5 Bd1 0-1

[Event "European Women Rapid-ch 2023"]
[Site "Monaco"]
[Date "2024.01.14"]
[Round "10.6"]
[White "Zhukova, Natalia"]
[Black "Khotenashvili, Bella"]
[Result "0-1"]
[ECO "A40"]
[WhiteElo "2301"]
[BlackElo "2467"]
[Annotator "RC"]
[PlyCount "100"]
[EventDate "2023.12.19"]
[EventType "swiss"]
[EventCountry "MNC"]
[SourceTitle "playchess.com"]
[Source "ChessBase"]
[SourceQuality "1"]
[TimeControl "900+10"]

1. c4 c5 2. Nf3 g6 3. d4 Bg7 4. e4 d6 5. d5 e6 6. Bd3 Ne7 7. Nc3 O-O 8. h3 h6 9. g4 exd5 10. cxd5 Na6 11. Rg1 Nc7 12. Kf1 Rb8 13. a4 a6 14. a5 b5 15. axb6 Rxb6 16. Nd2 Nb5 17. Nc4 Rb8 18. Bf4 g5 19. Bg3 Ng6 20. Nxb5 axb5 21. Nxd6 c4 22. Nf5 Bxf5 23. gxf5 Ne5 24. Bc2 Ra8 25. Kg2 Rxa1 26. Qxa1 Qb6 27. Rd1 Rd8 28. Qa2 Bf6 29. b3 c3 30. Qa3 b4 31. Qa4 h5 32. Bxe5 Bxe5 33. Qc6 Qxc6 34. dxc6 Rc8 35. Rd5 f6 36. Rc5 Kf7 37. Rc4 Bd6 38. Bd1 h4 39. Kf3 Ke7 40. Ke3 Kd8 41. Kd4 Kc7 42. Kd5 Re8 43. Bh5 Re5+ 44. Kd4 Ra5 45. Kd3 Ra2 46. e5 Bxe5 47. Rxb4 Rd2+ 48. Ke3 Bf4+ 49. Kf3 Rd6 50. Rc4 Rxc6 0-1

[Event "European Women Rapid-ch 2023"]
[Site "Monaco"]
[Date "2024.01.14"]
[Round "10.7"]
[White "Salimova, Nurgyul"]
[Black "Movsesian, Julia"]
[Result "1-0"]
[ECO "E05"]
[WhiteElo "2426"]
[BlackElo "2257"]
[Annotator "RC"]
[PlyCount "115"]
[EventDate "2023.12.19"]
[EventType "swiss"]
[EventCountry "MNC"]
[SourceTitle "playchess.com"]
[Source "ChessBase"]
[SourceQuality "1"]
[TimeControl "900+10"]

1. d4 d5 2. c4 e6 3. Nf3 Nf6 4. g3 Be7 5. Bg2 O-O 6. O-O dxc4 7. Qc2 a6 8. a4 Bd7 9. Qxc4 Bc6 10. Rd1 Bd5 11. Qc2 Nc6 12. Nbd2 Nb4 13. Qb1 Bxf3 14. Nxf3 a5 15. Bg5 h6 16. Bxf6 Bxf6 17. Qe4 c6 18. Rac1 Qe7 19. h4 Rfd8 20. e3 Rd7 21. Nd2 Qd8 22. Nb3 Be7 23. Qg4 Na2 24. Ra1 Nb4 25. Qe2 Qb6 26. Nd2 Qd8 27. Nc4 Bf6 28. Be4 Nd5 29. Rac1 Nb4 30. Bb1 Rc8 31. Qf3 Rd5 32. Qe4 g6 33. Qf3 h5 34. Nd2 Bg7 35. Be4 Rd7 36. Nb3 Qb6 37. Nc5 Rdd8 38. Bb1 e5 39. dxe5 Bxe5 40. Nd7 Qc7 41. Nf6+ Kg7 42. Nxh5+ gxh5 43. Qxh5 Bxb2 44. Rc5 Rxd1+ 45. Qxd1 Rh8 46. Rg5+ Kf8 47. Qg4 Nd5 48. e4 Nf6 49. Qf3 Rg8 50. Rf5 Qd6 51. Ba2 Be5 52. Qb3 Rg7 53. Rg5 Qb4 54. Rxe5 Qe1+ 55. Kg2 Nxe4 56. Qa3+ Kg8 57. Qf3 Rxg3+ 58. Qxg3+ 1-0

[Event "European Women Rapid-ch 2023"]
[Site "Monaco"]
[Date "2024.01.14"]
[Round "10.8"]
[White "Khademalsharieh, Sarasadat"]
[Black "Charkhalashvili, Inga"]
[Result "1-0"]
[ECO "D32"]
[WhiteElo "2486"]
[BlackElo "2239"]
[Annotator "RC"]
[PlyCount "129"]
[EventDate "2023.12.19"]
[EventType "swiss"]
[EventCountry "MNC"]
[SourceTitle "playchess.com"]
[Source "ChessBase"]
[SourceQuality "1"]
[TimeControl "900+10"]

1. Nf3 Nf6 2. c4 e6 3. e3 d5 4. Nc3 Be7 5. b3 O-O 6. Bb2 c5 7. cxd5 exd5 8. d4 Nc6 9. Be2 Bg4 10. dxc5 Bxc5 11. O-O Rc8 12. Rc1 Bd6 13. h3 Bh5 14. Nb5 Bb8 15. Nh4 Bg6 16. Nxg6 hxg6 17. Bf3 a6 18. Nd4 Ne5 19. g3 Rxc1 20. Bxc1 Nxf3+ 21. Nxf3 Qd7 22. Kg2 Ne4 23. Bb2 f6 24. Nd2 Qf5 25. Nf3 Rd8 26. Qe2 Qd7 27. Nd4 Kf7 28. Qg4 Qxg4 29. hxg4 Rc8 30. Rc1 Rxc1 31. Bxc1 Nc3 32. a4 Ba7 33. Nc2 Ne4 34. Bb2 a5 35. f3 Nd2 36. Bd4 Bxd4 37. Nxd4 Ke7 38. Kf2 Nb1 39. Ke2 Nc3+ 40. Kd2 Na2 41. Nb5 Nb4 42. Nd4 Kd6 43. Kc3 Na2+ 44. Kd2 Nb4 45. f4 Nc6 46. Nf3 Kc5 47. Kc3 Ne7 48. Ne1 Nc6 49. Nd3+ Kd6 50. b4 axb4+ 51. Nxb4 Na5 52. Kd4 Nb3+ 53. Kc3 Na5 54. Kd4 Nb3+ 55. Kc3 Na5 56. Nc2 Nc4 57. Kb4 Kc6 58. a5 b6 59. a6 Kc7 60. e4 Nd6 61. exd5 Kb8 62. Nd4 Ne4 63. Kb5 Kc7 64. Ne6+ Kb8 65. Kxb6 1-0

[Event "European Women Rapid-ch 2023"]
[Site "Monaco"]
[Date "2024.01.14"]
[Round "10.9"]
[White "Batsiashvili, Nino"]
[Black "Garcia Martin, Marta"]
[Result "1-0"]
[ECO "D31"]
[WhiteElo "2451"]
[BlackElo "2342"]
[Annotator "RC"]
[PlyCount "99"]
[EventDate "2023.12.19"]
[EventType "swiss"]
[EventCountry "MNC"]
[SourceTitle "playchess.com"]
[Source "ChessBase"]
[SourceQuality "1"]
[TimeControl "900+10"]

1. d4 d5 2. c4 e6 3. Nc3 a6 4. cxd5 exd5 5. Bf4 Nf6 6. e3 c5 7. Nf3 c4 8. g3 Be7 9. Bg2 b5 10. Bg5 Bb7 11. Ne5 Ne4 12. Bxe7 Qxe7 13. a4 O-O 14. O-O f6 15. Nf3 Nd7 16. Nd2 Nxc3 17. bxc3 Nb6 18. axb5 axb5 19. Rxa8 Rxa8 20. Qb1 Bc6 21. Re1 Na4 22. Qc2 Qa3 23. Nb1 Qd6 24. e4 Re8 25. f3 dxe4 26. fxe4 b4 27. Qe2 Bb5 28. e5 fxe5 29. dxe5 Qc5+ 30. Kh1 Nxc3 31. Nxc3 bxc3 32. Qe4 c2 33. e6 Qf2 34. e7 Kh8 35. h4 Qd2 36. Kh2 c1=Q 37. Rxc1 Qxc1 38. Qf5 Qa3 39. Be4 Qb2+ 40. Kh3 Bd7 41. Qxd7 Qb8 42. Bc6 Qc8 43. Qxc8 Rxc8 44. e8=Q+ Rxe8 45. Bxe8 c3 46. Ba4 g6 47. Kg4 Kg7 48. Kf4 Kf6 49. Bb3 h6 50. Bc2 1-0

[Event "European Women Rapid-ch 2023"]
[Site "Monaco"]
[Date "2024.01.14"]
[Round "10.10"]
[White "Gvetadze, Sofio"]
[Black "Zimina, Olga"]
[Result "1-0"]
[ECO "C65"]
[WhiteElo "2298"]
[BlackElo "2291"]
[Annotator "ChessBase"]
[PlyCount "72"]
[EventDate "2023.12.19"]
[EventType "swiss"]
[EventCountry "MNC"]
[SourceTitle "playchess.com"]
[Source "ChessBase"]
[SourceQuality "1"]
[TimeControl "900+10"]

1. e4 e5 2. Nf3 Nc6 3. Bb5 Nf6 4. d3 Bc5 5. O-O Nd4 6. Nxd4 Bxd4 7. Nc3 O-O 8. Bg5 h6 9. Bh4 c6 10. Ba4 d6 11. Bb3 Be6 12. Kh1 g5 13. Bg3 Kg7 14. Rb1 Bb6 15. Ne2 Nh5 16. d4 Nxg3+ 17. fxg3 Bg4 18. dxe5 dxe5 19. Qe1 Qe7 20. Nc1 Rad8 21. Nd3 f6 22. Bc4 Rd4 23. b3 Rfd8 24. Nb2 Bc7 25. Bd3 b5 26. Nd1 Bxd1 27. Rxd1 Bb6 28. Qe2 a6 29. Qf3 c5 30. a4 c4 31. bxc4 bxc4 32. Be2 Rxd1 33. Bxd1 Rd2 34. Qf5 Bd8 35. Bh5 Kh8 36. Qc8 Qb4 1-0

[Event "European Women Rapid-ch 2023"]
[Site "Monaco"]
[Date "2024.01.14"]
[Round "10.11"]
[White "Daulyte-Cornette, Deimante"]
[Black "Calzetta Ruiz, Monica"]
[Result "1-0"]
[ECO "B36"]
[WhiteElo "2372"]
[BlackElo "2241"]
[Annotator "RC"]
[PlyCount "55"]
[EventDate "2023.12.19"]
[EventType "swiss"]
[EventCountry "MNC"]
[SourceTitle "playchess.com"]
[Source "ChessBase"]
[SourceQuality "1"]
[TimeControl "900+10"]

1. e4 c5 2. Nf3 g6 3. d4 cxd4 4. Nxd4 Nc6 5. c4 Nf6 6. Nc3 d6 7. Be2 Nxd4 8. Qxd4 Bg7 9. Bg5 O-O 10. Qd2 a5 11. O-O a4 12. Rad1 Qa5 13. Bxf6 exf6 14. Qxd6 f5 15. Rd5 Bxc3 16. Rxa5 Bxa5 17. Bf3 Ra6 18. Qe5 Bd8 19. exf5 Bf6 20. Qb5 Bxf5 21. Bxb7 Rd6 22. Bd5 Bd4 23. Qxa4 Rf6 24. b4 Bd3 25. Qd1 Bxf1 26. Qxd4 Ra6 27. Kxf1 Rxa2 28. g3 1-0

[Event "European Women Rapid-ch 2023"]
[Site "Monaco"]
[Date "2024.01.14"]
[Round "10.12"]
[White "Cramling, Pia"]
[Black "Navrotescu, Andreea"]
[Result "0-1"]
[ECO "D65"]
[WhiteElo "2437"]
[BlackElo "2222"]
[Annotator "RC"]
[PlyCount "116"]
[EventDate "2023.12.19"]
[EventType "swiss"]
[EventCountry "MNC"]
[SourceTitle "playchess.com"]
[Source "ChessBase"]
[SourceQuality "1"]
[TimeControl "900+10"]

1. Nf3 d5 2. d4 Nf6 3. c4 e6 4. Nc3 Be7 5. Bg5 O-O 6. e3 Nbd7 7. Rc1 a6 8. cxd5 exd5 9. Bd3 c6 10. Qc2 Re8 11. Bf4 Nf8 12. h3 Ng6 13. Bh2 Bd6 14. Bxd6 Qxd6 15. O-O Bd7 16. Na4 Ne4 17. Nc5 Nxc5 18. Qxc5 Qf6 19. Kh2 Nh4 20. Nxh4 Qxh4 21. Qd6 Rad8 22. Qg3 Qf6 23. b4 Bf5 24. Rfd1 Be4 25. Bxe4 dxe4 26. Rc5 Qe6 27. Rd2 h6 28. Rdc2 Qd7 29. a4 Re6 30. b5 axb5 31. axb5 Rg6 32. Qf4 Re8 33. bxc6 bxc6 34. Rb2 Rf6 35. Qg4 Qc7+ 36. Qg3 Qd7 37. Rb8 Rxb8 38. Qxb8+ Kh7 39. Rc2 Qd5 40. Qc7 Qb3 41. Rxc6 Rxf2 42. Qg3 Re2 43. Qg4 Rxe3 44. Qf5+ g6 45. Qd7 Re2 46. Rc7 Rf2 47. Qg4 e3 48. Qg3 Qe6 49. Rc1 Rd2 50. Re1 e2 51. Qf3 h5 52. d5 Qe5+ 53. Kh1 Kg7 54. Kg1 Qd4+ 55. Kh2 Qe5+ 56. Kh1 h4 57. Kg1 Qg3 58. Qf2 Rd1 0-1